 Dungeon Crawl Stone Soup version 0.30-a0-142-g7370640ec8 (webtiles) character file.

Game seed: 14756790942717563760

86 qw the Chopper (level 4, 0/28 HPs)
             Began as a Gargoyle Fighter on Sept 25, 2022.
             Slain by an iguana (2 damage)
             ... on level 4 of the Dungeon.
             The game lasted 00:00:56 (3367 turns).

qw the Chopper (Gargoyle Fighter)                   Turns: 3367, Time: 00:00:56

Health: 0/28       AC: 15    Str: 21    XL:     4   Next: 50%
Magic:  4/4        EV:  5    Int:  9    God:
Gold:   167        SH:  4    Dex:  9    Spells: 3/3 levels left

rFire   . . .      SeeInvis .    Y - +0 war axe
rCold   . . .      Faith    .    c - +0 buckler
rNeg    + . .      Spirit   .    k - +0 plate armour
rPois   inf        Reflect  .    (no helmet)
rElec   +          Harm     .    (no cloak)
rCorr   .          Rampage  .    (no gloves)
Will    .....                    (no boots)
Stlth   ..........               (no amulet)
HPRegen 0.09/turn                (no ring)
MPRegen 0.09/turn                (no ring)

@: no status effects
A: sickness immunity, AC +3, negative energy resistance 1, electricity
resistance, torment resistance 1, petrification resistance
a: no special abilities


You were on level 4 of the Dungeon.
You visited 1 branch of the dungeon, and saw 4 of its levels.

You collected 167 gold pieces.


Innate Abilities, Weirdness & Mutations

You are immune to sickness and miasma.
Your stone body is resilient. (AC +3)
You are immune to poison.
You resist negative energy. (rN+)
You are resistant to electric shocks. (rElec)
You are resistant to unholy torment.
You are immune to petrification.


   Skills:
 - Level 3.2 Fighting
 + Level 4.2 Axes
 - Level 3.2 Armour
 - Level 3.2 Shields


You had 3 spell levels left.
You didn't know any spells.
Your spell library was empty.

Inventory:

Hand Weapons
 n - a +0 flail
 Y - a +0 war axe (weapon)
Missiles
 o - 2 boomerangs (quivered)
Armour
 c - a +0 buckler (worn)
 k - a +0 plate armour (worn)
Scrolls
 a - a scroll of identify
Potions
 b - a potion of flight {unknown}
 d - a potion of might
 f - a potion of lignification
 g - a potion of cancellation
 h - a potion of degeneration {unknown}
 l - a potion of haste {unknown}
 m - 2 potions of heal wounds {unknown}

Dungeon Overview and Level Annotations

Branches:
Dungeon (4/15)
 Temple: D:4-7

Altars:
Fedhas
Xom


Message History

There is a stone staircase leading down here.
You climb downwards.
There is a stone staircase leading up here.
Existing waypoints: (1) D:2 (2) D:3 Assign waypoint to what number? (0-9, D - delete waypoint) Waypoint 1 re-assigned from D:2 to D:4.
You open the door.
There is an open door here.
You open the door.
There is an open door here.
Found a ring mail.
m - 2 fuming amethyst potions (gained 1)
You open the door.
There is an open door here.
As you open the door, it creaks loudly!
You hear a shout!
An iguana comes into view.
The iguana hisses angrily.
There is an open door here.
Enter note: You hit the iguana.
The iguana is moderately wounded.
The iguana bites you!
You barely miss the iguana.
The iguana is moderately wounded.
The iguana bites you.
You barely miss the iguana.
The iguana is moderately wounded.
The iguana barely misses you.
The iguana bites you but does no damage.
You closely miss the iguana.
The iguana is moderately wounded.
The iguana bites you!
You slash the iguana!
The iguana is almost dead.
The iguana bites you.
You completely miss the iguana.
The iguana is almost dead.
The iguana bites you.
You die...

####### ..#
......# ...#
#.....#....#
#.... ....#
#.l##+#....#
#@##..[..#
########..'.....#
#.....##..#.....#
#.........#.....#
#.....#####.....#
#.....##..#.....#
#.....##..#.....#
#.........#.....#
#.........#.....+


You could see an iguana.

Vanquished Creatures
  4 adders
  A worm (D:2)
  3 dart slugs
  An orc (D:3)
  3 ball pythons
  4 endoplasms
  A giant cockroach (D:3)
  4 goblins
  2 hobgoblins
  2 quokkas (D:3)
  2 bats
  7 frilled lizards
  5 kobolds
  3 rats
42 creatures vanquished.

Vanquished Creatures (others)
  2 fungi (D:1)
  8 plants (D:1)
10 creatures vanquished.

Grand Total: 52 creatures vanquished

Notes
Turn   | Place    | Note
-------+----------+-------------------------------------------
     0 | D:1      | qw the Gargoyle Fighter began the quest for the Orb.
     0 | D:1      | Reached XP level 1. HP: 14/14 MP: 1/1
     0 | D:1      | 0 ||| qw: Version: 0.2-a-10-g399e6c4
     0 | D:1      | 0 ||| qw: Game counter: 423
     0 | D:1      | 0 ||| qw: Always use a shield: true
     0 | D:1      | 0 ||| qw: God list: Okawaru
     0 | D:1      | 0 ||| qw: Allow faded altars: false
     0 | D:1      | 0 ||| qw: Do Orc after D:15 true
     0 | D:1      | 0 ||| qw: Do second Lair branch before Depths: true
     0 | D:1      | 0 ||| qw: Lair rune preference: random
     0 | D:1      | 0 ||| qw: Plans: Normal, Zot:1-4, God:TSO, Crypt, Tomb,
                  | Pan, Slime:5, Hells, Abyss, Orb
     0 | D:1      | 0 ||| PLANNING D:1-11
   108 | D:1      | 108 ||| Stepping ~*~*~tactically~*~*~ (hiding).
   115 | D:1      | Reached skill level 2 in Axes
   210 | D:1      | Reached XP level 2. HP: 19/19 MP: 2/2
   293 | D:1      | 293 ||| Stepping ~*~*~tactically~*~*~ (stealth).
   609 | D:1      | 609 ||| Stepping ~*~*~tactically~*~*~ (stealth).
   796 | D:1      | Found a faded altar of an unknown god.
  1196 | D:1      | 1196 ||| READING 2 scrolls labelled YNOTOM LORIMYL.
  1260 | D:2      | Reached skill level 3 in Axes
  1262 | D:2      | 1262 ||| DROPPING +0 club.
  1355 | D:2      | Found a shimmering altar of Xom.
  1388 | D:2      | 1388 ||| Stepping ~*~*~tactically~*~*~ (stealth).
  1399 | D:2      | Reached XP level 3. HP: 18/23 MP: 3/3
  1757 | D:2      | 1757 ||| Stepping ~*~*~tactically~*~*~ (stealth).
  2107 | D:2      | 2107 ||| Stepping ~*~*~tactically~*~*~ (stealth).
  2108 | D:2      | 2108 ||| Stepping ~*~*~tactically~*~*~ (stealth).
  2109 | D:2      | 2109 ||| Stepping ~*~*~tactically~*~*~ (stealth).
  2174 | D:2      | 2174 ||| Stepping ~*~*~tactically~*~*~ (stealth).
  2242 | D:2      | 2242 ||| UPGRADING to +0 plate armour.
  2252 | D:2      | 2252 ||| DROPPING +0 scale mail.
  2253 | D:2      | 2253 ||| READING scroll labelled ZONYTH IRPHOE.
  2254 | D:2      | 2254 ||| READING scroll labelled EDGHIZI RESEAJ.
  2255 | D:2      | 2255 ||| DRINKING 2 sapphire potions.
  2360 | D:2      | 2360 ||| READING 3 scrolls of identify.
  2360 | D:2      | 2360 ||| IDENTIFYING lumpy purple potion
  2361 | D:2      | 2361 ||| READING 2 scrolls of identify.
  2361 | D:2      | 2361 ||| IDENTIFYING red potion
  2362 | D:2      | 2362 ||| DROPPING potion of berserk rage.
  2691 | D:3      | Reached XP level 4. HP: 28/28 MP: 4/4
  2692 | D:3      | 2692 ||| Stepping ~*~*~tactically~*~*~ (stealth).
  2694 | D:3      | 2694 ||| Stepping ~*~*~tactically~*~*~ (stealth).
  2696 | D:3      | 2696 ||| Stepping ~*~*~tactically~*~*~ (stealth).
  2705 | D:3      | 2705 ||| DROPPING +0 whip.
  2813 | D:3      | 2813 ||| Stepping ~*~*~tactically~*~*~ (stealth).
  3033 | D:3      | Found a blossoming altar of Fedhas.
  3078 | D:3      | Reached skill level 4 in Axes
  3240 | D:3      | 3240 ||| Stepping ~*~*~tactically~*~*~ (stealth).
  3265 | D:3      | 3265 ||| READING scroll labelled ZASTRO UNYREO.
  3266 | D:3      | 3266 ||| READING scroll labelled LUUKLO QUMUNI.
  3365 | D:4      | HP: 3/28 [iguana (10)]
  3367 | D:4      | Slain by an iguana

Levels and vault maps discovered:
D:1:      onia_arrival_mini_spirals, layout_basic,
          shapermc_ecumenical_altar_hornbeckon, roderic_filled_cross,
          corexii_hall_statues_i, st_stairs_3, chequers_big_river,
          minmay_lizard_king
D:2:      layout_basic, basic_altar
D:3:      layout_basic, nicolae_overflow_hidden_temple
D:4:      layout_gridville, nicolae_ashenzari_panopticon, uniq_robin,
          uniq_eustachio

Skill      XL: |  1  2  3  4 |
---------------+-------------+-----
Axes           | 2 3 4 |  4.2
Fighting       | |  3.2
Armour         | |  3.2
Shields        | |  3.2

Action                   |  1- 3 |  4- 6 || total
-------------------------+-------+-------++-------
Melee: War axe           |   118 |    25 ||   143
Throw: Boomerang         |       |    21 ||    21
  Use: Scroll            |     5 |     2 ||     7
       Potion            |     1 |       ||     1
Armor: Scale mail        |    45 |       ||    45
       Plate armour      |     1 |    16 ||    17
Dodge: Dodged            |    44 |     8 ||    52
Block: Buckler           |    14 |     6 ||    20

Table legend:
 A = Non-vault XP
 B = Vault XP
 C = Vault XP percentage of total XP
 D = Non-vault monster count
 E = Vault monster count
 F = Vault count percentage of total count
                 A         B        C        D         E       F
            +---------+---------+-------+---------+---------+-------
      Total |     117 |       7 |   5.6 |      36 |       6 |  14.3
            +---------+---------+-------+---------+---------+-------
        D:1 |      21 |       7 |  25.0 |      10 |       6 |  37.5
        D:2 |      47 |       0 |   0.0 |      11 |       0 |   0.0
        D:3 |      49 |       0 |   0.0 |      15 |       0 |   0.0
            +---------+---------+-------+---------+---------+-------
